 Dungeon Sprint DCSS version 0.31-a0-544-gceb718ecc6 (webtiles) character file.

Game seed: 12809940772946073376

1119 zazu2006 the Cleaver (level 8, -1/65 HPs)
             Began as a Gnoll Wanderer on Aug 16, 2023.
             Was a High Priest of Vehumet.
             Slain by a hornet (9 damage)
             ... while paralysed by a hornet
             ... in the Dungeon (Sprint VII: "The Pits").
             The game lasted 00:05:14 (853 turns).

zazu2006 the Cleaver (Gnoll Wanderer)                Turns: 853, Time: 00:05:15

Health: -1/65      AC:  2    Str: 13    XL:     8   Next: 34%
Magic:  15/18      EV:  2    Int: 11    God:    Vehumet [*****.]
Gold:   0          SH:  0    Dex: 13    Spells: 18/21 levels left

rFire   . . .        f - +2 hand axe
rCold   . . .        (no shield)
rNeg    . . .        e - +0 robe
rPois   .            (no helmet)
rElec   .            (no cloak)
rCorr   .            (no gloves)
SInv    .            (no boots)
Will    .....        (no amulet)
Stlth   ++++         (no ring)
HPRegen 0.30/turn    (no ring)
MPRegen 0.16/turn

%: no teleportation
@: paralysed, slowed
A: fangs 1, strong nose, distributed training
a: Renounce Religion


You were in the Dungeon.
You worshipped Vehumet.
Vehumet was extremely pleased with you.
You visited 1 branch

Inventory:

Hand Weapons
 f - a +2 hand axe (weapon)
 g - a +1 long sword of flaming
 p - a +1 dagger of electrocution
Armour
 e - a +0 robe (worn)
 q - a +3 ring mail
Wands
 c - a wand of polymorph (3) (quivered)
Scrolls
 b - a scroll of teleportation
 d - a scroll of fear
 k - a scroll of blinking
 l - 5 scrolls of amnesia
 m - a scroll of butterflies
Potions
 h - a potion of haste
 i - 4 potions of magic
 j - 2 potions of invisibility
 n - 3 potions of heal wounds
 o - 4 potions of curing


   Skills:
 + Level 6.5 Fighting
 + Level 6.5 Short Blades
 + Level 6.5 Long Blades
 + Level 10.7 Axes
 + Level 6.5 Maces & Flails
 + Level 6.5 Polearms
 + Level 6.5 Staves
 + Level 6.5 Ranged Weapons
 + Level 6.5 Throwing
 + Level 6.5 Armour
 + Level 6.5 Dodging
 + Level 9.0 Stealth
 + Level 6.5 Shields
 + Level 6.5 Unarmed Combat
 + Level 7.2 Spellcasting
 + Level 5.4 Conjurations
 + Level 5.4 Hexes
 + Level 5.4 Summonings
 + Level 5.4 Necromancy
 + Level 5.4 Translocations
 + Level 5.4 Transmutations
 + Level 5.4 Fire Magic
 + Level 5.4 Ice Magic
 + Level 5.4 Air Magic
 + Level 5.4 Earth Magic
 + Level 5.4 Poison Magic
 + Level 7.1 Invocations
 + Level 8.0 Evocations
 + Level 5.4 Shapeshifting


You had 18 spell levels left.
You knew the following spells:

 Your Spells              Type           Power      Damage    Failure   Level
a - Magic Dart            Conj           60%        1d6       1%          1
b - Scorch                Fire           30%        2d6       1%          2

Your spell library contained the following spells:

 Spells                   Type           Power      Damage    Failure   Level
 Lee's Rapid Deconstruct  Erth           7%         3d7*      13%         5


Dungeon Overview and Level Annotations

Branches:
Dungeon (1/1)

Altars:
Ashenzari
Cheibriados
Dithmenos
Elyvilon
Fedhas
Gozag
Hepliaklqana
Kikubaaqudgha
Makhleb
Nemelex Xobeh
Okawaru
Qazlal
Ru
Sif Muna
Trog
Uskayaw
Vehumet
Wu Jian
Xom
Yredelemnul
Zin
The Shining One
Jiyva
Lugonu


Innate Abilities, Weirdness & Mutations

You have very sharp teeth.
Your uncanny sense of smell can sniff out nearby items.
Your experience applies equally to all skills.


Message History

You are poisoned.
You feel yourself slow down.
You feel very sick. The hornet stings you.
You feel as though you will be slow longer.
The hornet stings you.
You feel as though you will be slow longer.
You feel sick. The hornet stings you!
You are more poisoned.
You feel as though you will be slow longer.
You can move again.
Unknown command.
Casting: Scorch (safe; 1% risk of failure)
Confirm with . or Enter, or press ? or * to list all spells.
Flames lash the hornet.
The hornet is moderately wounded.
The hornet's fire resistance burns away.
You feel extremely sick.
The hornet stings you but does no damage.
The hornet stings you!
* * * LOW HITPOINT WARNING * * *
You are lethally poisoned!
You feel as though you will be slow longer.
The hornet misses you.
Unknown command.
Unknown command.
You feel much better.
You feel extremely sick. The hornet barely misses you. The hornet stings you!
* * * LOW HITPOINT WARNING * * *
You feel as though you will be slow longer.
You feel better.
The hornet is no longer more vulnerable to fire.
The hornet stings you.
* * * LOW HITPOINT WARNING * * *
You suddenly lose the ability to move!
The hornet stings you!
* * * LOW HITPOINT WARNING * * *
You shrug off the repeated paralysis!
The hornet stings you!
You die...

#.#........##.......#
#.#........##.......#
#'###########.......#
#.......#..##########
#.......#.######
#...#...#†#....#∆∆∆∆
#..###..#'#....#∆∆
#...#...#.y..S.+∆∆
#......@#'#....#∆∆
#.......yS#..S.#∆∆
########### ####


You could see a black mamba and a hornet.

Vanquished Creatures
  A smoke demon (D)
  A fire bat (D)
  A warg (D)
  A wolf (D)
  2 phantoms (D)
  A bullfrog (D)
  3 scorpions (D)
  A quasit (D)
  3 gnolls (D)
  A river rat (D)
  A white imp (D)
  2 ufetubi (D)
  An endoplasm (D)
  3 hobgoblins (D)
22 creatures vanquished.

Notes
Turn   | Place    | Note
-------+----------+-------------------------------------------
     0 | D        | zazu2006 the Gnoll Wanderer began the quest for the Orb.
     0 | D        | zazu2006 set off with the following items: a +2 hand axe, a
                  | scroll of teleportation, a wand of polymorph (3), a scroll
                  | of fear, a +0 robe, a potion of curing, a potion of heal
                  | wounds, a potion of haste, 2 potions of magic, a potion of
                  | berserk rage, a scroll of blinking.
     0 | D        | Reached XP level 1. HP: 13/13 MP: 4/4
     8 | D        | Noticed a scorpion
    15 | D        | Killed a scorpion
    16 | D        | Reached skill level 1 in Conjurations
    16 | D        | Reached skill level 1 in Hexes
    16 | D        | Reached skill level 1 in Summonings
    16 | D        | Reached skill level 1 in Necromancy
    16 | D        | Reached skill level 1 in Translocations
    16 | D        | Reached skill level 1 in Transmutations
    16 | D        | Reached skill level 1 in Fire Magic
    16 | D        | Reached skill level 1 in Ice Magic
    16 | D        | Reached skill level 1 in Air Magic
    16 | D        | Reached skill level 1 in Earth Magic
    16 | D        | Reached skill level 1 in Poison Magic
    16 | D        | Reached skill level 5 in Evocations
    16 | D        | Reached skill level 1 in Shapeshifting
    16 | D        | Reached XP level 2. HP: 23/23 MP: 4/6
    16 | D        | Reached XP level 3. HP: 28/28 MP: 5/8
    23 | D        | Found a bloodstained altar of Trog.
    23 | D        | Found a shimmering blue altar of Sif Muna.
    23 | D        | Found a viscous altar of Jiyva.
    23 | D        | Found a hazy altar of Hepliaklqana.
    23 | D        | Found an opulent altar of Gozag.
    24 | D        | Found a glowing golden altar of the Shining One.
    24 | D        | Found a glowing silver altar of Zin.
    24 | D        | Found a basalt altar of Yredelemnul.
    24 | D        | Found a shimmering altar of Xom.
    24 | D        | Found an ornate altar of the Wu Jian Council.
    24 | D        | Found a sacrificial altar of Ru.
    24 | D        | Found a stormy altar of Qazlal.
    24 | D        | Found an iron altar of Okawaru.
    24 | D        | Found a sparkling altar of Nemelex Xobeh.
    24 | D        | Found a burning altar of Makhleb.
    24 | D        | Found a blossoming altar of Fedhas.
    24 | D        | Found a white marble altar of Elyvilon.
    24 | D        | Found a shadowy altar of Dithmenos.
    24 | D        | Found a snail-covered altar of Cheibriados.
    25 | D        | Found a radiant altar of Vehumet.
    25 | D        | Found a corrupted altar of Lugonu.
    26 | D        | Found an ancient bone altar of Kikubaaqudgha.
    26 | D        | Found a hide-covered altar of Uskayaw.
    26 | D        | Found a broken altar of Ashenzari.
    33 | D        | Became a worshipper of Vehumet
    75 | D        | Reached XP level 4. HP: 34/34 MP: 9/9
    82 | D        | Reached * piety under Vehumet
    82 | D        | Offered knowledge of Magic Dart by Vehumet.
    83 | D        | Reached skill level 9 in Axes
    87 | D        | Noticed a scorpion
    88 | D        | Noticed a scorpion
    98 | D        | Learned a level 1 spell: Magic Dart
   127 | D        | Killed a scorpion
   128 | D        | Reached XP level 5. HP: 3/41 MP: 9/11
   281 | D        | Offered knowledge of Scorch by Vehumet.
   281 | D        | Reached ** piety under Vehumet
   289 | D        | Learned a level 2 spell: Scorch
   320 | D        | Offered knowledge of Inner Flame by Vehumet.
   321 | D        | Reached skill level 5 in Spellcasting
   321 | D        | Reached XP level 6. HP: 40/48 MP: 13/13
   365 | D        | Noticed a warg
   386 | D        | Killed a warg
   387 | D        | Reached skill level 5 in Invocations
   388 | D        | Reached *** piety under Vehumet
   389 | D        | Reached skill level 5 in Fighting
   389 | D        | Reached skill level 5 in Short Blades
   389 | D        | Reached skill level 5 in Long Blades
   389 | D        | Reached skill level 10 in Axes
   389 | D        | Reached skill level 5 in Maces & Flails
   389 | D        | Reached skill level 5 in Polearms
   389 | D        | Reached skill level 5 in Staves
   389 | D        | Reached skill level 5 in Ranged Weapons
   389 | D        | Reached skill level 5 in Throwing
   389 | D        | Reached skill level 5 in Armour
   389 | D        | Reached skill level 5 in Dodging
   389 | D        | Reached skill level 5 in Shields
   389 | D        | Reached skill level 5 in Unarmed Combat
   527 | D        | Offered knowledge of Fulminant Prism by Vehumet.
   527 | D        | Reached **** piety under Vehumet
   528 | D        | Reached XP level 7. HP: 54/56 MP: 14/16
   539 | D        | Noticed a smoke demon
   547 | D        | Killed a smoke demon
   548 | D        | Reached skill level 5 in Conjurations
   548 | D        | Reached skill level 5 in Hexes
   548 | D        | Reached skill level 5 in Summonings
   548 | D        | Reached skill level 5 in Necromancy
   548 | D        | Reached skill level 5 in Translocations
   548 | D        | Reached skill level 5 in Transmutations
   548 | D        | Reached skill level 5 in Fire Magic
   548 | D        | Reached skill level 5 in Ice Magic
   548 | D        | Reached skill level 5 in Air Magic
   548 | D        | Reached skill level 5 in Earth Magic
   548 | D        | Reached skill level 5 in Poison Magic
   548 | D        | Reached skill level 5 in Shapeshifting
   665 | D        | Noticed a fire bat
   672 | D        | Offered knowledge of Irradiate by Vehumet.
   677 | D        | Killed a fire bat
   677 | D        | Reached ***** piety under Vehumet
   678 | D        | Reached XP level 8. HP: 52/65 MP: 16/18
   819 | D        | Noticed a hornet
   819 | D        | Noticed a black mamba
   835 | D        | Offered knowledge of Lee's Rapid Deconstruction by Vehumet.
   846 | D        | Paralysed by a hornet for 3 turns
   852 | D        | Paralysed by a hornet for 3 turns
   853 | D        | Slain by a hornet

Illustrated notes

Levels and vault maps discovered:
D:        pitsprint [storerooms_1, entrance_room_1, metal_vault_2, armoury_2,
          mini_pit_1, grid_room_1, main_hall_1, silver_pit, the_coven_1,
          the_vestibule_1, steel_vault_5, golden_pit, hallway_of_sentries,
          crystal_vault_1, iron_vault_3, final_vault]

Skill      XL: |  1  2  3  4  5  6  7  8 |
---------------+-------------------------+-----
Fighting       | 2 3 4 5 6 |  6.5
Short Blades   | 2 3 4 5 6 |  6.5
Long Blades    | 2 3 4 5 6 |  6.5
Maces & Flails | 2 3 4 5 6 |  6.5
Polearms       | 2 3 4 5 6 |  6.5
Staves         | 2 3 4 5 6 |  6.5
Ranged Weapons | 2 3 4 5 6 |  6.5
Throwing       | 2 3 4 5 6 |  6.5
Armour         | 2 3 4 5 6 |  6.5
Dodging        | 2 3 4 5 6 |  6.5
Stealth        | 6 7 8 9 |  9.0
Shields        | 2 3 4 5 6 |  6.5
Unarmed Combat | 2 3 4 5 6 |  6.5
Spellcasting   | 3 4 5 6 7 |  7.2
Conjurations   | 1 2 3 4 5 |  5.4
Hexes          | 1 2 3 4 5 |  5.4
Summonings     | 1 2 3 4 5 |  5.4
Necromancy     | 1 2 3 4 5 |  5.4
Translocations | 1 2 3 4 5 |  5.4
Transmutations | 1 2 3 4 5 |  5.4
Fire Magic     | 1 2 3 4 5 |  5.4
Ice Magic      | 1 2 3 4 5 |  5.4
Air Magic      | 1 2 3 4 5 |  5.4
Earth Magic    | 1 2 3 4 5 |  5.4
Poison Magic   | 1 2 3 4 5 |  5.4
Invocations    | 2 3 4 5 6 7 |  7.1
Evocations     | 5 6 7 8 |  8.0
Shapeshifting  | 1 2 3 4 5 |  5.4
Axes           | 9 10 | 10.7

Action                     |  1- 3 |  4- 6 |  7- 9 || total
---------------------------+-------+-------+-------++-------
  Melee: Hand axe          |     5 |    63 |    35 ||   103
         Bite              |     3 |     8 |     2 ||    13
         Punch             |       |       |     2 ||     2
   Cast: Magic Dart        |       |     2 |     1 ||     3
         Scorch            |       |     4 |     7 ||    11
    Use: Potion            |     2 |     3 |     3 ||     8
   Stab: Sleeping          |     1 |     4 |     2 ||     7
 Armour: Robe              |     1 |     5 |     2 ||     8
  Dodge: Dodged            |     2 |    47 |    27 ||    76

Table legend: (Time is in decaauts)
 A = Elapsed time spent in this place.
 B = Non-inter-level travel time spent in this place.
 C = Inter-level travel time spent in this place.
 D = Time resting spent in this place.
 E = Time spent auto-exploring this place.
 F = Levels seen in this place.
 G = Mean time per level.
                   A        B        C        D        E       F      G
               +--------+--------+--------+--------+--------+-----+--------+
         Total |    856 |    856 |      0 |    439 |     58 |   1 |  856.0 |
       Dungeon |    856 |    856 |      0 |    439 |     58 |   1 |  856.0 |
               +--------+--------+--------+--------+--------+-----+--------+

Top non-repeatable levels by time:
       D: 856 daAuts
